Map: Emerald City LE

Players

qqq

  • Race: Zerg Zerg
  • League: Platinum
  • Spawn Location: 11:00

Massa

  • Race: Terran Terran
  • League: Platinum
  • Spawn Location: 11:00

Arthas - Winner!

  • Race: Zerg Zerg
  • League: Diamond
  • Spawn Location: 5:00

pit - Winner!

  • Race: Terran Terran
  • League: Platinum
  • Spawn Location: 5:00

VOD

Have the link to the VOD?

Description

Time

  • Played on: Dec. 6, 2020, 3:52 p.m.
  • Length: 8:56
Show
View Real Time Build Order
Export as new Build Order

qqq Zerg 

Build Orders: Hatch First 

Get SALT Encoding   

  12  0:00  Drone  
  13  0:08  Drone  
  14  0:26  Overlord  
  14  0:47  Hatchery  
  13  0:51  Drone  
  13  0:54  Drone  
  15  0:59  Drone  
  16  1:18  Spawning Pool  
  16  1:19  Extractor  
  14  1:30  Drone x3  
  17  1:48  Drone  
  18  1:58  Drone  
  18  2:00  Drone  
  20  2:23  Queen  
  20  2:24  Queen  
  20  2:25  Drone  
  20  2:26  Drone  
  26  2:31  Drone x2  
  26  2:32  Extractor  
  27  2:38  Metabolic Boost  
  27  2:45  Overlord  
  27  2:49  Zergling x2  
  28  2:56  Overlord  
  28  3:06  Drone  
  28  3:07  Zergling x4  
  28  3:09  Drone  
  28  3:11  Drone  
  33  3:19  Drone  
  34  3:21  Evolution Chamber  
  34  3:23  Drone  
  34  3:34  Drone x2  
  34  3:35  Overlord  
  34  3:36  Zergling x2  
  34  3:39  Zergling x2  
  38  3:47  Zerg Melee Weapons Level 1  
  38  3:48  Zergling x2  
  39  3:49  Zergling x2  
  40  3:55  Zergling x2  
  40  3:56  Zergling x2  
  42  4:06  Zergling x2  
  42  4:08  Zergling x2  
  44  4:15  Zergling x2  
  45  4:17  Zergling x2  
  45  4:20  Zergling x2  
  45  4:21  Hatchery  
  45  4:22  Zergling x2  
  47  4:27  Zergling x2  
  47  4:28  Zergling x2  
  47  4:30  Zergling x2  
  50  4:39  Zergling x2  
  50  4:40  Zergling x2  
  50  4:41  Overlord  
  52  4:48  Lair  
  51  4:56  Zergling x4  
  50  5:14  Zergling x8  
  44  5:15  Zergling x2  
  44  5:30  Drone, Extractor, Zergling x4  
  46  5:37  Drone x2, Zergling x2  
  46  5:38  Zergling x2  
  46  5:39  Zergling x2  
  51  5:44  Queen  
  51  5:45  Drone  
  54  5:55  Zergling x8  
  54  5:56  Zergling x2  
  59  5:57  Spine Crawler  
  59  5:58  Spine Crawler  
  47  6:17  Zergling x10  
  50  6:26  Spine Crawler  
  50  6:30  Drone, Spire  
  49  6:33  Drone  
  39  7:05  Zergling x12  
  39  7:07  Drone x7  
  46  7:20  Spine Crawler, Zergling x4  
  46  7:21  Zergling x2  
  44  7:23  Spine Crawler  
  38  7:41  Zergling x4  
  40  7:50  Mutalisk  
  40  7:51  Mutalisk x4  
  43  8:03  Mutalisk  
  43  8:13  Mutalisk  
Show
View Real Time Build Order
Export as new Build Order

Massa Terran 

Build Orders: 2 Factory, Hellion Opening 

Get SALT Encoding   

  12  0:00  SCV  
  13  0:12  SCV  
  14  0:18  Supply Depot  
  14  0:24  SCV  
  15  0:40  SCV  
  15  0:41  Barracks  
  16  0:50  Refinery  
  16  0:52  SCV  
  16  0:55  Refinery  
  17  1:04  SCV  
  18  1:16  SCV  
  19  1:28  SCV  
  19  1:31  Marine  
  21  1:35  Factory  
  21  1:40  SCV  
  22  1:52  SCV  
  23  1:57  Factory  
  23  2:03  Supply Depot  
  23  2:11  Orbital Command  
  23  2:20  Factory Tech Lab  
  23  2:24  Barracks Reactor  
  23  2:48  Hellion  
  23  2:49  Infernal Pre-Igniter  
  25  2:56  Command Center  
  25  2:59  SCV  
  26  3:11  Hellion x2  
  30  3:20  Supply Depot  
  30  3:30  Barracks Tech Lab  
  30  3:32  SCV  
  30  3:33  Supply Depot  
  31  3:42  Hellion x3  
  37  3:59  SCV  
  37  4:00  Supply Depot  
  38  4:03  Hellion x2  
  42  4:10  Orbital Command  
  42  4:12  SCV  
  43  4:18  Widow Mine  
  43  4:23  Marine, Stimpack  
  46  4:42  SCV x2  
  48  4:54  SCV x2  
  50  5:06  SCV  
  39  5:25  Marauder  
  39  5:26  SCV  
  39  5:27  SCV  
  43  5:32  Command Center  
  43  5:39  SCV x2, Engineering Bay  
  43  5:42  Widow Mine, Engineering Bay  
  51  5:43  Widow Mine x2  
  51  5:46  Marauder  
  51  5:48  Starport  
  53  5:51  SCV  
  53  5:56  Barracks x2  
  54  6:04  Widow Mine x2, Siege Tank  
  61  6:07  Marauder  
  63  6:25  Widow Mine  
  65  6:29  Marauder  
  65  6:30  Starport Tech Lab  
  65  6:36  Siege Tank  
  56  6:48  Marine  
  56  6:50  Marauder  
  55  6:56  Marine  
  56  7:06  Marine  
  57  7:12  Marauder, Siege Tank  
  62  7:26  Marine  
  62  7:28  Barracks Reactor  
  61  7:32  Widow Mine x2  
  61  7:33  Marauder  
  56  7:44  Marine  
  56  7:45  Siege Tank  
  58  7:54  Marauder  
  53  8:02  Marine  
  50  8:09  Refinery  
  50  8:10  Refinery, Marine x2  
  44  8:15  Widow Mine  
  44  8:16  Marauder  
  44  8:19  Marine  
  48  8:24  Widow Mine  
  35  8:28  Marine x2  
  35  8:31  Barracks x3  
  35  8:32  Barracks  
  37  8:37  Marine  
Show
View Real Time Build Order
Export as new Build Order

Arthas Zerg - Winner!

Build Orders: Hatch First 

Get SALT Encoding   

  12  0:00  Drone  
  13  0:12  Overlord  
  13  0:17  Drone  
  14  0:31  Drone x2  
  14  0:35  Drone  
  17  0:53  Drone  
  17  0:56  Hatchery  
  17  0:59  Drone  
  18  1:07  Extractor  
  17  1:13  Spawning Pool  
  17  1:17  Drone  
  17  1:19  Drone  
  18  1:31  Drone  
  19  1:43  Overlord  
  19  1:50  Drone  
  20  2:00  Queen  
  20  2:01  Overlord  
  22  2:08  Queen  
  22  2:09  Zergling x2  
  22  2:12  Metabolic Boost  
  22  2:13  Zergling x2  
  26  2:19  Drone  
  27  2:25  Drone  
  28  2:35  Drone  
  28  2:36  Drone  
  30  2:44  Drone x2  
  32  2:56  Queen, Pneumatized Carapace  
  32  2:57  Drone x2  
  36  3:11  Hatchery  
  35  3:15  Drone  
  35  3:16  Drone x2  
  38  3:23  Roach Warren  
  38  3:26  Drone  
  38  3:28  Extractor, Drone  
  38  3:31  Drone  
  38  3:33  Drone  
  40  3:40  Drone x3  
  43  3:45  Drone  
  43  3:47  Overlord  
  44  3:54  Extractor, Drone  
  44  3:57  Overlord  
  44  3:58  Overlord  
  44  4:05  Overlord  
  44  4:07  Roach  
  44  4:09  Roach  
  48  4:18  Drone x2  
  48  4:19  Drone  
  48  4:20  Drone x2  
  53  4:29  Roach  
  55  4:32  Roach  
  55  4:36  Roach x2  
  55  4:37  Roach x3  
  66  4:42  Roach x2  
  70  4:46  Overlord  
  70  4:49  Roach  
  70  4:50  Roach  
  74  4:56  Roach x2  
  75  5:07  Roach x5  
  81  5:16  Roach x3  
  85  5:23  Roach x2  
  85  5:27  Lair  
  89  5:32  Evolution Chamber  
  89  5:35  Roach  
  90  5:41  Overlord x2  
  90  5:42  Overlord  
  90  5:51  Overlord x2  
  90  6:02  Ravager  
  91  6:10  Roach  
  91  6:11  Roach x7  
  105  6:12  Roach  
  109  6:30  Roach x4  
  109  6:31  Roach  
  119  6:33  Glial Reconstitution  
  117  6:56  Roach  
  117  6:57  Roach x5  
  124  7:06  Roach x3  
  124  7:07  Roach x4  
  110  7:35  Ravager  
  110  7:36  Ravager x2  
  111  7:37  Roach  
  111  7:38  Roach  
  111  7:54  Roach x3  
  111  7:55  Roach x2  
  109  8:19  Roach x2  
  117  8:20  Roach x6  
  123  8:30  Zergling x2  
  123  8:31  Zergling x2  
  130  8:46  Spore Crawler  
  129  8:48  Spore Crawler  
Show
View Real Time Build Order
Export as new Build Order

pit Terran - Winner!

Build Orders:  

Get SALT Encoding   

  12  0:18  SCV  
  13  0:30  SCV  
  13  0:32  Supply Depot  
  14  0:41  Refinery  
  14  0:42  SCV  
  15  0:54  SCV  
  15  0:56  Barracks  
  16  1:06  SCV  
  17  1:18  SCV  
  18  1:30  SCV  
  19  1:42  SCV  
  19  2:16  Marine, Command Center  
  19  2:19  Supply Depot  
  20  2:27  Orbital Command  
  20  2:36  Supply Depot  
  20  2:46  Supply Depot  
  20  2:49  Barracks Reactor  
  20  2:52  Factory  
  20  2:53  SCV  
  21  3:05  SCV  
  22  3:15  Refinery  
  22  3:17  SCV  
  23  3:28  Orbital Command  
  23  3:29  SCV  
  24  3:39  Marine x2  
  24  3:40  Factory Tech Lab  
  26  3:41  SCV  
  26  3:43  Barracks  
  27  3:53  SCV  
  28  3:58  SCV  
  29  4:05  SCV  
  30  4:10  SCV, Marine x2, Siege Tank  
  36  4:17  SCV  
  36  4:20  Starport  
  36  4:22  SCV  
  38  4:28  Engineering Bay, Marine x2  
  38  4:30  SCV  
  41  4:34  SCV  
  42  4:40  Barracks Tech Lab  
  42  4:41  Refinery  
  42  4:42  SCV  
  43  4:46  Marine x2  
  43  4:49  Siege Tank  
  46  5:23  Marine x2  
  46  5:24  Siege Tank  
  46  5:25  SCV  
  46  5:26  SCV  
  46  5:27  Refinery  
  53  5:33  Command Center  
  53  5:35  Starport Reactor  
  53  5:37  Stimpack  
  53  5:38  SCV x2  
  53  5:40  Barracks  
  55  5:50  SCV x2  
  55  5:56  Marauder  
  59  6:02  SCV x2  
  47  6:13  Marine x2  
  47  6:14  SCV x2  
  47  6:17  Marauder  
  52  6:21  Siege Tank  
  55  6:31  Marine x2  
  57  6:38  Marine  
  55  6:49  Marine x3  
  55  6:52  Medivac  
  55  6:53  Siege Tank  
  63  6:56  Marine  
  63  6:58  Medivac  
  66  7:07  Marine x3  
  69  7:11  Supply Depot  
  69  7:14  Barracks, Marine  
  70  7:16  Combat Shield  
  70  7:32  Marine  
  70  7:37  Marine x3  
  71  7:49  Marine  
  67  7:54  Marine  
  67  7:55  Marine x2, Engineering Bay  
  67  7:57  Planetary Fortress  
  65  8:02  Medivac x2  
  67  8:06  Barracks Reactor  
  67  8:07  Marine  
  67  8:09  Supply Depot  
  67  8:12  Marine  
  68  8:13  Marine  
  70  8:20  Refinery  
  70  8:23  Refinery  
  70  8:25  Marine  
  71  8:30  Marine  
  71  8:31  Marine  
  70  8:34  Marine  
Tags
 
Add a new tag
Caveats
  • Supply blocks, unpowered buildings, or Contaminate may cause inaccurate times.
  • Supply counts are checked every 10 seconds.